 Dungeon Crawl Stone Soup version 0.17-a0-1197-g2d00c63 (webtiles) character file.

20985 wotan the Grappler (level 12, 0/104 HPs)
             Began as a Ghoul Monk on June 2, 2015.
             Was the Champion of Makhleb.
             Slain by Snorg (18 damage)
             ... on level 4 of the Lair of Beasts.
             The game lasted 01:33:41 (12575 turns).

wotan the Grappler (Ghoul Monk)                    Turns: 12575, Time: 01:33:42

Health: 0/104      AC: 15    Str: 16    XL:     12   Next: 85%
Magic:  18/18      EV: 13    Int: 10    God:    Makhleb [******]
Gold:   548        SH:  0    Dex: 15    Spells: 0 memorised, 11 levels left

rFire  + . .     SeeInvis +       - Unarmed
rCold  + + .     Clarity  .     D - +4 ring mail {rF+}
rNeg   + + +     SustAt   .     (no shield)
rPois  ∞         Gourm    .     y - +2 hat
rElec  .         Spirit   .     A - +0 cloak
rCorr  .         Warding  +     (no gloves)
rMut   .         Stasis   .     d - +0 pair of boots
MR     .....                    l - amulet of warding
Stlth  ++........               S - ring of see invisible
                                m - ring "Atrouxa" {+Inv rPois rC+ Int+5}

@: rotting, not resistant to hostile enchantments, unstealthy
A: rotting body, claws 1, carnivore 3, cold resistance 1, negative energy
resistance 3, slow healing 1, torment resistance, unbreathing
a: Minor Destruction, Lesser Servant of Makhleb, Major Destruction, Greater
Servant of Makhleb, Renounce Religion, Evoke Invisibility


You were on level 4 of the Lair of Beasts.
You worshipped Makhleb.
Makhleb was exalted by your worship.
You were not hungry.

You visited 2 branches of the dungeon, and saw 14 of its levels.

You collected 951 gold pieces.
You spent 403 gold pieces at shops.

Inventory:

Missiles
 i - 381 stones
 s - 10 tomahawks (quivered)
 Z - 4 poisoned javelins
Armour
 d - a +0 pair of boots (worn)
 y - a +2 hat (worn)
 A - a +0 cloak (worn)
 D - a +4 ring mail of fire resistance (worn)
 I - a +4 ring mail of cold resistance
Jewellery
 l - an amulet of warding (around neck)
 m - the ring "Atrouxa" (left claw) {+Inv rPois rC+ Int+5}
   (You found it on level 4 of the Dungeon)

   [ring of intelligence]

   It affects your intelligence (+5).
   It protects you from cold.
   It protects you from poison.
   It lets you turn invisible.
 C - an uncursed ring of magical power
 Q - a +2 ring of protection
 R - an uncursed ring of protection from fire
 S - a ring of see invisible (right claw)
Magical devices
 g - a wand of heal wounds (6)
 o - a wand of lightning (6)
 t - a wand of digging (8)
 v - a wand of draining (1)
 w - a wand of paralysis (12)
 x - a wand of slowing (35)
 z - a wand of confusion (26)
 K - a wand of fire (8)
 O - a wand of draining (9)
 P - a wand of random effects (20)
 V - a wand of frost (27)
 Y - a wand of confusion (16)
Scrolls
 f - 2 scrolls of enchant armour
 j - 4 scrolls of recharging
 E - 3 scrolls of remove curse
 F - 2 scrolls of amnesia
 H - 3 scrolls of teleportation
 J - 2 scrolls of magic mapping
 T - 3 scrolls of fog
Potions
 a - 3 potions of might
 c - 3 potions of curing
 e - a potion of agility
 k - a potion of ambrosia {unknown}
 n - a potion of resistance
 p - 2 potions of cancellation
 u - 2 potions of brilliance {unknown}
 G - a potion of lignification {unknown}
 L - 3 potions of invisibility
Books
 r - a Necronomicon {highlevel, unknown}

   This book is beyond your current level of understanding.

   Spells                             Type                      Level
   a - Haunt                          Necromancy/Summoning         7
   b - Borgnjor's Revivification      Necromancy                   8
   c - Death's Door                   Charms/Necromancy            8
   d - Necromutation                  Transmutation/Necromancy     8
 B - a book of Conjurations

   Spells                             Type                      Level
   a - Magic Dart                     Conjuration                  1
   b - Searing Ray                    Conjuration                  2
   c - Dazzling Spray                 Conjuration/Hexes            3
   d - Fulminant Prism                Conjuration/Hexes            4
   e - Iskenderun's Mystic Blast      Conjuration                  4
   f - Iskenderun's Battlesphere      Conjuration/Charms           5
 U - a book of Power

   Spells                             Type                      Level
   a - Fulminant Prism                Conjuration/Hexes            4
   b - Iskenderun's Mystic Blast      Conjuration                  4
   c - Venom Bolt                     Conjuration/Poison           5
   d - Bolt of Magma                  Conjuration/Fire/Earth       5
   e - Iron Shot                      Conjuration/Earth            6
   f - Orb of Destruction             Conjuration                  7
   g - Spellforged Servitor           Conjuration/Summoning        7
 W - a book of Beasts

   Spells                             Type                      Level
   a - Summon Butterflies             Summoning                    1
   b - Call Canine Familiar           Summoning                    3
   c - Summon Ice Beast               Ice/Summoning                4
   d - Summon Mana Viper              Hexes/Summoning              5
   e - Summon Hydra                   Summoning                    7
Comestibles
 b - 9 meat rations
 h - 4 chunks of flesh
 q - 4 slices of pizza
 M - 9 royal jellies
 N - 5 beef jerkies


   Skills:
 - Level 9.2 Fighting
 - Level 7.2 Armour
 - Level 5.1 Dodging
 - Level 2.1 Stealth
 + Level 13.8 Unarmed Combat
 - Level 10.0 Invocations
 - Level 7.0 Evocations


You had 11 spell levels left.
You didn't know any spells.

Dungeon Overview and Level Annotations

Branches:
Dungeon (10/15)            Temple (0/1) D:5            Lair (4/8) D:9
  Swamp: Lair:3-6    Shoals: Lair:3-6     Snake: Lair:3-6    Spider: Lair:3-6
    Orc: D:9-12

Altars:
Ashenzari
Dithmenos
Elyvilon
Kikubaaqudgha
Makhleb
Nemelex Xobeh
Okawaru
Qazlal
Sif Muna
Vehumet
Yredelemnul
Zin

Shops:
D:7 :   D:10 [

Annotations:
D:8 Maurice
Lair:3 Fluffy's ghost, powerful MiFi
Lair:4 Snorg


Innate Abilities, Weirdness & Mutations

Your body is rotting away.
You thrive on raw meat.
You are immune to poison.
You have sharp fingernails.
You are carnivorous and can eat meat at any time.
Your flesh is cold resistant.
You are immune to negative energy.
You heal slowly when monsters are visible.
You are immune to unholy pain and torment.
You can survive without breathing.


Message History

The river rat barely misses you.
Your smoke demon hits Snorg.
Your smoke demon hits Snorg. x2
Snorg bites you but does no damage. Snorg closely misses you. Snorg claws you.
You claw Snorg!
Snorg is severely wounded.
The river rat misses you. Snorg misses you. Snorg barely misses you.
Snorg closely misses you.
Your smoke demon hits Snorg.
Your smoke demon misses Snorg.
Your smoke demon hits Snorg.
You closely miss Snorg. You claw Snorg!
Snorg is almost dead.
Snorg bites you!!
* * * LOW HITPOINT WARNING * * *
Snorg claws you!
* * * LOW HITPOINT WARNING * * *
Snorg claws you.
* * * LOW HITPOINT WARNING * * *
The river rat barely misses you.
Drink which item? (? for menu, Esc to quit)
You feel much better. Snorg bites you!!
You die...

##...# #..#.##.................
#....###...#####...............
####.....P.#.#.#.#.#.............
.#...............................
.##........#.#.#.#.##............
.........#..........##...........
.....####.##.#.#.#.###...........
....## ###.....>r†.##P...(......
....# ##.#.#@#.###...........
...## #.....T3...#......[....
...#########.#.#.#.#.........).♣♣
....P##P..P.......#...........♣.♣
.....PPP.....#.P..............♣ ♣
......P(..P#.###..............♣♣♣
........###### ..................
........# ..................
.#.....## ....................


You could see Snorg (berserk), a river rat and a friendly smoke demon.

Vanquished Creatures
  A hydra (Lair:1)
  Urug (Lair:4)
  Joseph (Lair:1)
  4 black mambas
  7 spiny frogs
  Psyche (D:10)
  4 komodo dragons
  A raven (Lair:4)
  19 yaks
  Sigmund (D:4)
  A wraith (D:10)
  A wyvern (D:8)
  The ghost of 4thArraOfDagon the Chucker, an average TrHu of Qazlal (D:7)
  6 hippogriffs
  4 basilisks
  Menkaure (D:6)
  A deep elf fighter (D:9)
  The ghost of WhatIsLove the Slasher, an average HEGl (D:4)
  13 wolves
  13 water moccasins
  A phantom (D:7)
  An ice beast (D:10)
  2 sky beasts
  2 orc warriors (D:9)
  A spider (D:9)
  2 wasps (D:9)
  A black bear (Lair:3)
  An eye of draining (D:10)
  4 porcupines
  3 centaurs
  4 ogres
  11 crocodiles
  Blork the orc (D:6)
  A brain worm (D:9)
  14 giant frogs
  A scorpion (Lair:1)
  4 killer bees
  4 wights (D:9)
  4 crimson imps
  7 hounds
  An electric eel (Lair:1)
  3 giant frog zombies
  A quasit (D:10)
  7 orc priests
  A jelly (D:5)
  Ijyb (D:3)
  9 orc wizards
  A centaur skeleton (D:9)
  Jessica (D:2)
  8 iguanas
  Terence (D:2)
  Natasha (D:2)
  9 worker ants
  A hound skeleton (D:8)
  A worker ant zombie (D:7)
  4 adders
  32 river rats
  4 shadow imps
  3 oozes
  3 adder skeletons
  5 worms
  7 giant geckos
  31 orcs
  A bat skeleton (D:5)
  16 goblins
  6 hobgoblins
  10 jackals
  9 kobolds
  A quokka (D:10)
  4 ball pythons
  23 bats
  8 giant cockroaches
  7 giant newts
  A jackal zombie (D:5)
  A quokka skeleton (D:4)
  24 rats
  A spectral orc (D:4)
  A fungus (Lair:4)
399 creatures vanquished.

Vanquished Creatures (collateral kills)
  Pikel (D:9)
  A porcupine (Lair:3)
  An ogre (D:9)
  A scorpion (D:9)
  An orc priest (D:5)
  A worker ant (D:9)
  2 orcs (D:5)
  2 bats (D:9)
  A kobold (D:5)
  A plant (D:9)
12 creatures vanquished.

Vanquished Creatures (others)
  An ufetubus (D:5)
  6 fungi
  3 plants
10 creatures vanquished.

Grand Total: 421 creatures vanquished

Notes
Turn   | Place    | Note
--------------------------------------------------------------
     0 | D:1      | wotan the Ghoul Monk began the quest for the Orb.
     0 | D:1      | Reached XP level 1. HP: 19/19 MP: 0/0
   205 | D:1      | Reached XP level 2. HP: 26/26 MP: 1/1
   254 | D:1      | Reached skill level 5 in Unarmed Combat
   375 | D:1      | Reached XP level 3. HP: 22/31 MP: 2/2
  1111 | D:2      | Reached skill level 6 in Unarmed Combat
  1111 | D:2      | Reached XP level 4. HP: 35/38 MP: 3/3
  1118 | D:2      | Found a burning altar of Makhleb.
  1123 | D:2      | Became a worshipper of Makhleb the Destroyer
  1123 | D:2      | Acquired Makhleb's first power
  1123 | D:2      | Acquired Makhleb's second power
  1229 | D:2      | Found a stormy altar of Qazlal.
  1533 | D:2      | Noticed Jessica
  1542 | D:2      | Killed Jessica
  1658 | D:3      | Noticed Terence
  1673 | D:3      | Noticed Natasha
  1691 | D:2      | Killed Terence
  1691 | D:2      | Reached XP level 5. HP: 23/45 MP: 4/4
  1754 | D:2      | Killed Natasha
  1754 | D:2      | Reached skill level 7 in Unarmed Combat
  1961 | D:3      | Noticed Ijyb
  1983 | D:3      | Killed Ijyb
  2056 | D:3      | Reached XP level 6. HP: 51/51 MP: 5/5
  2440 | D:4      | Acquired Makhleb's third power
  2483 | D:4      | Noticed WhatIsLove's ghost (average HEGl)
  2501 | D:4      | Found a basalt altar of Yredelemnul.
  2541 | D:4      | Reached skill level 1 in Invocations
  2842 | D:4      | Got a translucent bone ring
  2843 | D:4      | Identified the ring "Atrouxa" {+Inv rPois rC+ Int+5} (You found it on level 4 of the Dungeon)
  3007 | D:4      | Noticed Sigmund
  3196 | D:5      | Entered Level 5 of the Dungeon
  3272 | D:5      | Reached XP level 7. HP: 27/57 MP: 7/9
  3494 | D:5      | Reached skill level 1 in Armour
  3705 | D:5      | Acquired Makhleb's fourth power
  3958 | D:5      | Found a deep blue altar of Sif Muna.
  3962 | D:5      | Found a sparkling altar of Nemelex Xobeh.
  3965 | D:5      | Found an iron altar of Okawaru.
  3965 | D:5      | Found a burning altar of Makhleb.
  3966 | D:5      | Found a glowing silver altar of Zin.
  3968 | D:5      | Found a white marble altar of Elyvilon.
  3970 | D:5      | Found an ancient bone altar of Kikubaaqudgha.
  4067 | D:5      | Found a staircase to the Ecumenical Temple.
  4234 | D:6      | Noticed Menkaure
  4242 | D:6      | Killed Menkaure
  4426 | D:6      | Reached XP level 8. HP: 51/63 MP: 10/10
  4592 | D:6      | Reached skill level 5 in Armour
  4903 | D:6      | Noticed Blork the orc
  4940 | D:6      | Killed Blork the orc
  5296 | D:7      | Found a shadowy altar of Dithmenos.
  5362 | D:7      | Found a radiant altar of Vehumet.
  5380 | D:7      | Reached skill level 5 in Fighting
  5425 | D:7      | Found a shattered altar of Ashenzari.
  5632 | D:7      | Found Woxziy's Book Shop.
  5856 | D:7      | Reached XP level 9. HP: 78/78 MP: 11/11
  5886 | D:7      | Acquired Makhleb's fifth power
  6009 | D:7      | Reached skill level 5 in Invocations
  6210 | D:4      | Killed Sigmund
  6636 | D:4      | Killed WhatIsLove's ghost
  6695 | D:7      | Noticed 4thArraOfDagon's ghost (average TrHu)
  6715 | D:7      | Killed 4thArraOfDagon's ghost
  6890 | D:8      | Noticed Maurice
  6928 | D:8      | Reached skill level 1 in Evocations
  7047 | D:8      | HP: 2/78 [ogre/giant spiked club (23)]
  7391 | D:9      | Noticed Pikel
  7394 | D:10     | Entered Level 10 of the Dungeon
  7418 | D:10     | Found Memeuh's Armour Boutique.
  7438 | D:10     | Bought a +4 ring mail of fire resistance for 403 gold pieces
  7468 | D:10     | Reached skill level 8 in Unarmed Combat
  7549 | D:10     | Reached skill level 9 in Unarmed Combat
  7549 | D:10     | Reached XP level 10. HP: 84/84 MP: 13/14
  7577 | D:10     | Noticed Psyche
  7592 | D:10     | Killed Psyche
  7708 | D:10     | Noticed a hill giant
  7754 | D:9      | Reached skill level 10 in Unarmed Combat
  8311 | D:9      | Killed Pikel
  8488 | D:9      | Found a staircase to the Lair.
  8608 | Lair:1   | Entered Level 1 of the Lair of Beasts
  8778 | Lair:1   | Noticed a seven-headed hydra
  8797 | Lair:1   | Found a labyrinth entrance.
  8845 | Lair:1   | Reached XP level 11. HP: 73/97 MP: 15/15
  9089 | Lair:1   | Got a creamy pearl robe
  9179 | Lair:1   | Reached skill level 11 in Unarmed Combat
  9620 | Lair:2   | Reached skill level 10 in Invocations
  9705 | Lair:2   | Reached skill level 5 in Evocations
 10390 | Lair:1   | Noticed Joseph
 10409 | Lair:1   | Killed Joseph
 10429 | Lair:1   | Reached XP level 12. HP: 46/104 MP: 18/18
 10709 | Lair:1   | Killed a seven-headed hydra
 10940 | Lair:3   | Noticed Fluffy's ghost (powerful MiFi)
 10947 | Lair:3   | quik: mitico wotan!
 10948 | Lair:3   | quik: doing good this time!
 10957 | Lair:3   | wotan: a ver!
 10957 | Lair:3   | quik: jaja veo que el sindrome MiBe continua!
 10957 | Lair:3   | wotan: xDD
 10957 | Lair:3   | wotan: bueno, espero que con ayuda de estos dos pueda matarlo!
 10958 | Lair:3   | quik: y si resulta que no puedes?
 10958 | Lair:3   | wotan: pues volvemos a empezar! xDD
 10958 | Lair:3   | quik: XD
 10958 | Lair:3   | quik: bien!
 10958 | Lair:3   | wotan: entonces segun tu lo ideal es running away?
 10958 | Lair:3   | quik: retroceder a las escaleras
 10959 | Lair:3   | quik: e intentar eso mismo que haces alli
 10959 | Lair:3   | quik: con la ventaja de que puedes escapar en un turno
 10959 | Lair:3   | quik: si algo se tuerce
 10973 | Lair:3   | quik: no he visto qué clase es
 10973 | Lair:3   | wotan: mi fighter
 10973 | Lair:3   | quik: algo en especial?
 10973 | Lair:3   | quik: ah
 10973 | Lair:3   | quik: ok
 10982 | Lair:3   | wotan: este me mata xD
 10982 | Lair:3   | quik: tiene mucha armadura
 10982 | Lair:3   | wotan: esa ? es que está confuso?
 10982 | Lair:3   | quik: recuerda que los ghosts no persiguen
 10982 | Lair:3   | quik: creo que si, ponle el cursor encima
 10982 | Lair:3   | quik: suele salir una ? cuando sacas summons
 10982 | Lair:3   | quik: no se si es que no sabe a quien pegar o que
 10982 | Lair:3   | quik: xD
 10982 | Lair:3   | wotan: ah xD
 10985 | Lair:3   | quik: un ghost a melee que no es rapido no deberia matarte nunca
 10985 | Lair:3   | quik: es tan facil como escapar por la escalera
 10985 | Lair:3   | wotan: pues me voy a ir
 10985 | Lair:3   | quik: yeah
 10985 | Lair:3   | wotan: porque este está hecho de adamantium
 10985 | Lair:3   | quik: jajaja
 10985 | Lair:3   | quik: tiene mucho AC
 11017 | Lair:2   | quik: igual con una potion of might cae, pero no se si merece la pena gastar un consumable en una fight que se evita facilmente
 11021 | Lair:2   | quik: e igual no es suficiente
 11021 | Lair:2   | quik: :D
 11021 | Lair:2   | wotan: pues si
 11116 | Lair:3   | Reached skill level 5 in Dodging
 11134 | Lair:3   | wotan: lo de entrenar aun le doy un poco a boleo
 11169 | Lair:3   | wotan: lo del arma era solo para bajr la velocidad, no?
 11169 | Lair:3   | quik: si
 11169 | Lair:3   | quik: pero en unarmed combat no hay min delay
 11169 | Lair:3   | quik: asi que quieres llegar hasta el maximo, eventually
 11169 | Lair:3   | quik: si quieres le echo un vistazo a las skills
 11169 | Lair:3   | quik: pinta bien
 11169 | Lair:3   | quik: segun la armadura que tengas, prioritizas armour o dodge
 11169 | Lair:3   | quik: y tambien te puedes plantear usar stealth si usas armadura no pesada
 11169 | Lair:3   | wotan: ahora tengo una ring mail
 11169 | Lair:3   | quik: vale, es la segunda mas pesada de las normales
 11173 | Lair:3   | quik: entonces en principio quieres mas armor que dodge
 11182 | Lair:3   | quik: y el stealth no le haces mucho caso
 11194 | Lair:3   | quik: si eso mas adelante si consigues una dragon armor puedes poner stealth
 11194 | Lair:3   | wotan: si, algun ghoul si que se lo subí
 11194 | Lair:3   | wotan: este de momento no me dio por ahi xD
 11194 | Lair:3   | quik: guay
 11194 | Lair:3   | wotan: windows me esta ofreciendo windows 10 gratis
 11196 | Lair:3   | quik: no me digas
 11197 | Lair:3   | quik: xDD
 11201 | Lair:3   | quik: escapa de ahi
 11201 | Lair:3   | quik: luego tendras un pay to os
 11201 | Lair:3   | quik: xD
 11201 | Lair:3   | wotan: es que vaya tralla meten las spiny estas xDD
 11201 | Lair:3   | quik: ah, no, decia de windows
 11201 | Lair:3   | wotan: ah xDD
 11201 | Lair:3   | quik: ahi cuidado, que como te petrifique el basilisk percal
 11202 | Lair:3   | quik: mejor trata de matarlo
 11202 | Lair:3   | quik: xD
 11218 | Lair:3   | wotan: es posible que al ser unarmed combat, si le pego a un bicho que pincha, que me haga mas daño? xD
 11294 | Lair:3   | quik: no que yo sepa
 11321 | Lair:3   | wotan: pues nada, hacemos un patch xDD
 11328 | Lair:3   | quik: XDD
 11335 | Lair:3   | quik: nerf unarmed combat!
 11335 | Lair:3   | quik: xD
 11537 | Lair:3   | Reached skill level 12 in Unarmed Combat
 11591 | Lair:3   | quik: lo mas facil es subir y bajar por la escalera que te deja al oeste del mapa
 11591 | Lair:3   | quik: y ya se olvida de ti
 11591 | Lair:3   | quik: hasta que te vuelva a ver
 11591 | Lair:3   | wotan: entonces subo por aqui ahora
 11597 | Lair:3   | quik: si
 11605 | Lair:3   | quik: easy
 11605 | Lair:3   | quik: y ahora ya sabes mas o menos por donde anda el ghost
 11605 | Lair:3   | quik: aunque se mueven bastante, pero tardara un rato
 11605 | Lair:3   | quik: xD
 11649 | Lair:3   | wotan: xD
 11649 | Lair:3   | wotan: nice
 12168 | Lair:4   | Reached skill level 13 in Unarmed Combat
 12424 | Lair:4   | Noticed Urug
 12426 | Lair:4   | quik: urug! :D
 12426 | Lair:4   | wotan: bueno, este lo mataré bien
 12426 | Lair:4   | wotan: supongo! xD
 12426 | Lair:4   | quik: 1v1 yo creo que si
 12429 | Lair:4   | quik: llevatelo a un sitio tranquilo
 12430 | Lair:4   | quik: xD
 12447 | Lair:4   | Killed Urug
 12448 | Lair:4   | quik: que es eso que le disparas?
 12479 | Lair:4   | wotan: lo que da makhleb
 12479 | Lair:4   | quik: ah vale, por eso no me sonaba, nice
 12560 | Lair:4   | Noticed Snorg
 12564 | Lair:4   | wotan: otra fiesta!
 12565 | Lair:4   | quik: mmm
 12565 | Lair:4   | quik: ese que hace?
 12565 | Lair:4   | quik: berserker
 12565 | Lair:4   | quik: ojito
 12565 | Lair:4   | quik: xD
 12574 | Lair:4   | HP: 3/102 [Snorg (4)]
 12575 | Lair:4   | wotan: glups
 12575 | Lair:4   | quik: XD
 12575 | Lair:4   | quik: efecto MiBe
 12575 | Lair:4   | Slain by Snorg

Vault maps used:
D:1:      lightli_arrival_lavapool
D:2:      overflow_temple_1_default, bloody_makhleb, uniq_jessica
D:3:      first_bread, uniq_terence, uniq_natasha, uniq_iyjb
D:4:      yredelemnul_forgotten_temple_becter, uniq_sigmund
D:5:      minitemple, temple_statues, st_stairs_11,
          minmay_misc_feat_more_columns
D:6:      uniq_menkaure, uniq_blork_the_orc
D:7:      grunt_temple_overflow_open, serial_shops, shop, grunt_dithmenos_smoke,
          uniq_crazy_yiuf_cottage
D:8:      uniq_prince_ribbit1, uniq_maurice
D:9:      grunt_lair_entry_elf_guard_hut, serial_glass, glass_columns_c,
          glass_columns_a, glass_columns_a, glass_columns_a, glass_columns_b,
          glass_columns_c, feat_on_display, hangedman_pestilent_swarm,
          uniq_pikel
D:10:     serial_shops, shop, okawaru_metal_pillars_1_2, uniq_psyche
Lair:1:   lab_entry_generic, uniq_joseph
Lair:3:   small_statue_intersection
Lair:4:   roderic_ravens_nest, serial_bayou_pond_e, st_stairs_9,
          patterned_corridor, serial_bayou_shore_a, uniq_urug, uniq_snorg

Action                   |  1- 3 |  4- 6 |  7- 9 | 10-12 || total
-------------------------+-------+-------+-------+-------++-------
Melee: Unarmed           |    76 |   200 |   492 |   944 ||  1712
Throw: Stone             |       |       |     4 |     6 ||    10
Invok: Lesser Servant of |       |     1 |       |     7 ||     8
       Minor Destruction |       |       |     7 |    12 ||    19
Evoke: Wand              |       |       |       |     2 ||     2
  Use: Scroll            |     3 |     9 |     3 |     6 ||    21
       Potion            |       |     2 |     5 |     1 ||     8
 Stab: Sleeping          |     4 |     1 |     2 |       ||     7
       Distracted        |       |     1 |     1 |       ||     2
  Eat: Chunk             |     4 |     9 |    21 |    50 ||    84
